 Dungeon Crawl Stone Soup version 0.27.1 (webtiles) character file.

Game seed: 11157030600450900768

87 Urokeeper the Shield-Bearer (level 4, -6/28 HPs)
             Began as a Gargoyle Fighter on Sept 1, 2021.
             Mangled by Crazy Yiuf (10 damage)
             ... on level 2 of the Dungeon.
             The game lasted 00:06:55 (2229 turns).

Urokeeper the Shield-Bearer (Gargoyle Fighter)      Turns: 2229, Time: 00:06:56

Health: -6/28      AC: 10    Str: 21    XL:     4   Next: 51%
Magic:  1/4        EV:  7    Int:  8    God:
Gold:   28         SH:  9    Dex:  9    Spells: 3/3 levels left

rFire    . . .     SeeInvis .   e - +0 whip
rCold    . . .     Faith    .   c - +0 kite shield
rNeg     + . .     Spirit   .   b - +0 scale mail
rPois    ∞         Reflect  .   (no helmet)
rElec    +         Harm     .   (no cloak)
rCorr    .         Rampage  .   (no gloves)
Will     .....                  (no boots)
Stlth    ..........             (no amulet)
HPRegen  0.09/turn              (no ring)
MPRegen  0.09/turn              (no ring)

@: mighty
A: sickness immunity, AC +3, negative energy resistance 1, electricity
resistance, torment resistance 1, petrification resistance
a: no special abilities


You were on level 2 of the Dungeon.
You visited 1 branch of the dungeon, and saw 2 of its levels.

You collected 28 gold pieces.

Inventory:

Hand Weapons
 a - a +0 flail
 e - a +0 whip (weapon)
Missiles
 f - 5 boomerangs (quivered)
Armour
 b - a +0 scale mail (worn)
 c - a +0 kite shield (worn)
Potions
 d - 2 potions of might
 g - a potion of resistance {unknown}


   Skills:
 + Level 3.6 Fighting
 + Level 3.3 Maces & Flails
 + Level 0.4 Throwing
 + Level 3.7 Armour
 + Level 0.4 Dodging
 + Level 3.8 Shields


You had 3 spell levels left.
You didn't know any spells.
Your spell library was empty.

Dungeon Overview and Level Annotations

Branches:
Dungeon (2/15)

Altars:

Annotations:
D:2 Crazy Yiuf


Innate Abilities, Weirdness & Mutations

You are immune to sickness and miasma.
Your stone body is resilient. (AC +3)
You are immune to poison.
You resist negative energy. (rN+)
You are resistant to electric shocks. (rElec)
You are resistant to unholy torment.
You are immune to petrification.


Message History

Found a dagger and a scale mail.
Found a stone staircase leading down.
You see here a +0 dagger.
Found a mace.
Found a mace.
Found a mace.
You see here a +0 mace.
Found seven maces.
Found a runed translucent door.
You see here a +0 mace.
Found a mace.
Crazy Yiuf shouts!
You see here a +0 mace.
Throw: 5 boomerangs
Press: ? - help, Q - select action Shift-Dir - straight line, f - you
Okay, then.
You see here a +0 mace.
Found two maces and a glowing mace.
You see here a +0 mace.
You open the door.
Your scale mail prevents you from hitting Crazy Yiuf.
You block Crazy Yiuf's attack.
Crazy Yiuf hits you with a +3 quarterstaff of chaos!
Crazy Yiuf freezes you.
You feel very mighty all of a sudden. You block Crazy Yiuf's attack.
You barely miss Crazy Yiuf.
Crazy Yiuf grits, "East!
Ten verde toodlewoodle."
Crazy Yiuf hits you with a +3 quarterstaff of chaos.
You resist with some effort.
You barely miss Crazy Yiuf.
Crazy Yiuf hits you with a +3 quarterstaff of chaos.
Crazy Yiuf burns you.
Your shield and scale mail prevent you from hitting Crazy Yiuf.
Crazy Yiuf hits you with a +3 quarterstaff of chaos!
* * * LOW HITPOINT WARNING * * *
You feel your power leaking away.
You closely miss Crazy Yiuf.
Crazy Yiuf cries, "Adder!
Shadow pizzabubble ena."
Crazy Yiuf hits you with a +3 quarterstaff of chaos!
You die...

........
###....#####
########
##..##
......#
#....#
#####.#
##..)# ##
##)## .#
##)# .# #)##
.# ##)# .#
#@## .# #g#
.# ))) .#
#)))# .#
#).)# ###
##### ...
###


You could see Crazy Yiuf.

Vanquished Creatures
  Jessica (D:2)
  2 adders (D:2)
  A dart slug (D:1)
  4 bats
  6 endoplasms
  A giant cockroach (D:1)
  7 hobgoblins
  2 kobolds
  7 ball pythons
  3 goblins
  4 rats
38 creatures vanquished.

Vanquished Creatures (others)
  24 plants (D:1)
24 creatures vanquished.

Grand Total: 62 creatures vanquished

Notes
Turn   | Place    | Note
-------+----------+-------------------------------------------
     0 | D:1      | Urokeeper the Gargoyle Fighter began the quest for the Orb.
     0 | D:1      | Reached XP level 1. HP: 14/14 MP: 1/1
   508 | D:1      | Reached XP level 2. HP: 19/19 MP: 2/2
   966 | D:1      | Reached XP level 3. HP: 19/23 MP: 3/3
  1315 | D:1      | Found a faded altar of an unknown god.
  1695 | D:2      | Noticed Jessica
  1703 | D:2      | Killed Jessica
  1704 | D:2      | Reached XP level 4. HP: 25/28 MP: 4/4
  2219 | D:2      | Found a runed translucent door.
  2220 | D:2      | Noticed Crazy Yiuf
  2229 | D:2      | Mangled by Crazy Yiuf

Illustrated notes

Levels and vault maps discovered:
D:1:      eino_arrival_tree_alley, layout_rooms,
          chequers_ecumenical_altar_island, moated_statue
D:2:      layout_basic, grunt_decor_resistance, uniq_jessica,
          uniq_crazy_yiuf_cottage

Skill      XL: |  1  2  3 |
---------------+----------+-----
Maces & Flails | 3 |  3.3
Fighting       | |  3.6
Throwing       | |  0.4
Armour         | |  3.7
Dodging        | |  0.4
Shields        | |  3.8

Action                   |  1- 3 |  4- 6 || total
-------------------------+-------+-------++-------
Melee: Flail             |    26 |       ||    26
       Whip              |    98 |    19 ||   117
Throw: Boomerang         |    10 |    13 ||    23
  Use: Potion            |       |     1 ||     1
Armor: Scale mail        |    63 |    13 ||    76
Dodge: Dodged            |    36 |     7 ||    43
Block: Kite shield       |    52 |    13 ||    65
